[Event "Titled Tuesday Blitz October 26 2021"]
[White "Le Goff, Ronan"]
[Black "Preotu, Razvan"]
[WhiteFideId "612073"]
[BlackFideId "2613280"]
[WhiteElo "2276"]
[BlackElo "2407"]
[Result "0-1"]
[Round "11"]
[TimeControl "180+1"]
[Date "2021.10.26"]
[WhiteClock "0:00:06"]
[BlackClock "0:00:06"]

1. d4 Nf6 2. Nf3 g6 3. e3 Bg7 4. Be2 d5 5. O-O c5 6. dxc5 Ne4 7. c4 dxc4 8. Qxd8+ Kxd8 9. Rd1+ Ke8 10. Bxc4 Nxc5 11. Ng5 Ne6 12. Bb5+ Nc6 13. Ne4 Bd7 14. Nbc3 f5 15. Ng3 Bxc3 16. bxc3 Ne5 17. Bf1 Rc8 18. Ne2 Kf7 19. Nd4 Ba4 20. Re1 Nc5 21. Ba3 Ned3 22. Reb1 b6 23. Nf3 Bc2 24. Rb5 Rhd8 25. Bxc5 Nxc5 26. Nd4 Ba4 27. Rb4 e5 28. Bc4+ Kf6 29. Nb3 Be8 30. Nxc5 Rxc5 31. Rc1 Rdc8 32. Bf1 Rxc3 33. Rd1 Rc1 34. Rb1 Rxb1 35. Rxb1 Rc2 36. a3 Ra2 37. Rd1 Rxa3 38. h4 Ke7 39. Bc4 Rc3 40. Ba6 b5 41. Rd5 b4 42. Rxe5+ Kd8 43. f4 b3 44. Rd5+ Kc7 45. Re5 Bc6 46. Re7+ Kb6 47. Bf1 b2 48. Re8 b1=Q 49. Rb8+ Bb7 0-1


[Site "https://www.chess.com"]

[Event "Titled Tuesday Blitz October 26 2021"]
[White "Manukyan, Artyom"]
[Black "Moroni, Luca Jr"]
[WhiteFideId "13305786"]
[BlackFideId "865834"]
[WhiteElo "2034"]
[BlackElo "2491"]
[Result "0-1"]
[Round "11"]
[TimeControl "180+1"]
[Date "2021.10.26"]
[WhiteClock "0:00:02"]
[BlackClock "0:00:31"]

1. e4 e5 2. Nf3 Nc6 3. Bb5 a6 4. Bxc6 dxc6 5. O-O Qf6 6. d3 Bg4 7. Nbd2 Bc5 8. h3 h5 9. Nc4 Bxf3 10. Qxf3 Qxf3 11. gxf3 f6 12. f4 exf4 13. Bxf4 O-O-O 14. Kg2 Ne7 15. Be3 Bxe3 16. Nxe3 c5 17. f4 Nc6 18. Kf2 g5 19. fxg5 fxg5 20. Nf5 c4 21. Ke3 Nb4 22. Rac1 cxd3 23. c3 Nc6 24. Nd4 Ne5 25. Rf5 Rhe8 26. Rxg5 d2 27. Rd1 Nc4+ 28. Kf3 Rf8+ 29. Ke2 Rde8 30. e5 Nxe5 31. Kxd2 c5 32. Re1 Nc4+ 33. Kd1 Nxb2+ 34. Kd2 Rxe1 35. Kxe1 cxd4 36. cxd4 Nd3+ 37. Kd2 Nf4 38. h4 Ne6 39. Rxh5 Nxd4 40. Kd3 Nf5 41. Rh7 Re8 42. h5 Re3+ 43. Kc4 Rh3 44. a4 Ng3 45. h6 Nf5 46. Rh8+ Kc7 47. h7 Nd6+ 48. Kd5 Nf7 49. Re8 Rxh7 50. Re7+ Kb6 51. a5+ Ka7 52. Rd7 Rh5+ 53. Ke6 Rxa5 54. Kxf7 Rh5 55. Ke6 a5 0-1


[Site "https://www.chess.com"]

[Event "Titled Tuesday Blitz October 26 2021"]
[White "Martinez Alcantara, Jose Eduardo"]
[Black "Sorokin, Aleksey"]
[WhiteFideId "3805662"]
[BlackFideId "24176460"]
[WhiteElo "2690"]
[BlackElo "2476"]
[Result "1-0"]
[Round "11"]
[TimeControl "180+1"]
[Date "2021.10.26"]
[WhiteClock "0:00:20"]
[BlackClock "0:00:07"]

1. e4 c5 2. Nf3 d6 3. d4 cxd4 4. Nxd4 Nf6 5. Nc3 a6 6. h3 e5 7. Nb3 Be7 8. Be3 h6 9. a4 Be6 10. g4 Nbd7 11. Bg2 Rc8 12. O-O g5 13. Nd5 O-O 14. Qd3 Bxd5 15. exd5 e4 16. Qd1 Ne5 17. Nd4 Nxd5 18. Nf5 Nxe3 19. fxe3 d5 20. Qxd5 Rc5 21. Qxb7 Ng6 22. Rad1 Qc7 23. Nxe7+ Qxe7 24. Qxe7 Nxe7 25. Bxe4 Re5 26. Rd4 Kg7 27. Bd3 Rxe3 28. Re4 Rxe4 29. Bxe4 Rd8 30. Bd3 Nd5 31. Bxa6 Nf4 32. b4 Rd2 33. Rf3 Rxc2 34. Rb3 Ra2 35. a5 Kf6 36. Bb7 Ke5 37. a6 Kd4 38. b5 Kc5 39. b6 Ne2+ 40. Kf1 Nd4 41. Rb1 Nb5 42. a7 Nc3 43. Rc1 Kxb6 44. a8=Q Rxa8 45. Bxa8 Nb5 46. Bd5 Nd4 47. Bxf7 Kb5 48. Bd5 Kb4 49. Rc4+ Kb5 50. Rxd4 Kc5 51. Rd1 1-0


[Site "https://www.chess.com"]

[Event "Titled Tuesday Blitz October 26 2021"]
[White "Mikhailovsky, Vladimir"]
[Black "Shkapenko, Pavel"]
[WhiteFideId "34105414"]
[BlackFideId "4151933"]
[WhiteElo "2402"]
[BlackElo "2386"]
[Result "1-0"]
[Round "11"]
[TimeControl "180+1"]
[Date "2021.10.26"]
[WhiteClock "0:00:22"]
[BlackClock "0:00:16"]

1. d4 Nf6 2. Bf4 e6 3. e3 c5 4. c3 cxd4 5. exd4 b6 6. Be2 Bb7 7. Bf3 Bxf3 8. Qxf3 Nc6 9. Ne2 Be7 10. O-O O-O 11. h3 b5 12. Nd2 Rc8 13. a3 a5 14. Bh2 Qb6 15. b4 a4 16. Rac1 d5 17. Nf4 Nd8 18. Nd3 Nb7 19. Nc5 Qc6 20. Qd3 Nd7 21. Rfe1 Nb6 22. Nxb7 Qxb7 23. Qxb5 Qc6 24. Qd3 Nc4 25. Nxc4 Qxc4 26. Qxc4 Rxc4 27. Re3 Rfc8 28. Rd3 Bd8 29. Bd6 f6 30. Bc5 Bc7 31. Kf1 Kf7 32. Ke2 Rb8 33. Kd1 h5 34. Kc2 Ke8 35. Re1 Kd7 36. Rde3 Re8 37. Kd3 Bf4 38. R3e2 Bc7 39. b5 e5 40. b6 e4+ 41. Kc2 Bd6 42. Bxd6 Kxd6 43. Rb1 Kc6 44. f3 f5 45. fxe4 dxe4 46. Rf1 g6 47. g4 hxg4 48. hxg4 Rh8 49. gxf5 Rh3 50. Rxe4 Rcxc3+ 51. Kd2 Rhd3+ 52. Ke2 gxf5 53. Rxf5 Kxb6 54. Re6+ Kc7 55. Rf7+ Kd8 56. Ra6 Re3+ 57. Kf2 Ke8 58. Rh7 Rf3+ 59. Kg2 Rf7 60. Ra8+ Ke7 61. Ra7+ Ke6 62. Raxf7 Rxa3 63. Rf3 Ra2+ 64. Kg3 Kd5 65. Ra7 Kxd4 66. Rxa4+ 1-0


[Site "https://www.chess.com"]

[Event "Titled Tuesday Blitz October 26 2021"]
[White "Nakamura, Hikaru"]
[Black "Mamedyarov, Shakhriyar"]
[WhiteFideId "2016192"]
[BlackFideId "13401319"]
[WhiteElo "2884"]
[BlackElo "2754"]
[Result "0-1"]
[Round "11"]
[TimeControl "180+1"]
[Date "2021.10.26"]
[WhiteClock "0:00:06"]
[BlackClock "0:00:35"]

1. Nf3 Nf6 2. b3 g6 3. Bb2 Bg7 4. d4 O-O 5. e3 d6 6. Be2 Nbd7 7. O-O c5 8. c4 cxd4 9. Nxd4 d5 10. Nd2 dxc4 11. Nxc4 Nb6 12. Rc1 Nxc4 13. Rxc4 Bd7 14. Bf3 e5 15. Bxb7 exd4 16. Bxa8 Qxa8 17. Rxd4 Bb5 18. Re1 Ne4 19. f3 Nc5 20. Qd2 Nd3 21. Rxd3 Bxb2 22. Rd6 Be5 23. Rd5 Bc3 24. Qxc3 Qxd5 25. Rc1 Rd8 26. e4 Qd4+ 27. Qxd4 Rxd4 28. a4 Bd7 29. Rc7 a6 30. Ra7 Rd6 31. e5 Rd1+ 32. Kf2 Be6 33. Rxa6 Bxb3 34. a5 Rd2+ 35. Kg1 Ra2 36. h4 h5 37. Ra8+ Kg7 38. Ra7 Ra4 39. a6 Be6 40. Kf2 Ra5 41. f4 Ra2+ 42. Ke3 Bc4 43. Kd4 Rxa6 44. Rc7 Be6 45. Ke3 Ra2 46. g3 Rg2 0-1


[Site "https://www.chess.com"]

[Event "Titled Tuesday Blitz October 26 2021"]
[White "Nazaretyan, Tigran"]
[Black "Nyudleev, Dolgan"]
[WhiteFideId "24162345"]
[BlackFideId "4198360"]
[WhiteElo "2187"]
[BlackElo "2354"]
[Result "1-0"]
[Round "11"]
[TimeControl "180+1"]
[Date "2021.10.26"]
[WhiteClock "0:00:09"]
[BlackClock "0:00:17"]

1. d4 Nf6 2. c4 g6 3. Nc3 Bg7 4. e4 O-O 5. Nf3 d6 6. Be2 Nbd7 7. O-O e5 8. Be3 Re8 9. Qc2 exd4 10. Nxd4 Nc5 11. f3 Nh5 12. Rad1 f5 13. b4 Ne6 14. exf5 Nxd4 15. Bxd4 Bxf5 16. Qd2 Qh4 17. g4 Bxd4+ 18. Qxd4 Ng3 19. Qf2 Nxe2+ 20. Nxe2 Qxf2+ 21. Kxf2 Be6 22. Rd4 Bf7 23. h4 Re5 24. f4 Re7 25. Ng3 a5 26. b5 Rae8 27. a4 Re3 28. Rc1 Ra3 29. c5 d5 30. c6 b6 31. Rc2 Ree3 32. Ne2 Rh3 33. h5 gxh5 34. g5 Rh2+ 35. Kg1 Rhh3 36. Kg2 Be6 37. Rcd2 Bf5 38. Rxd5 Be4+ 39. Kf2 Rh2+ 40. Kg1 Rg2+ 41. Kf1 Bxd5 42. Rxd5 Rh2 43. Rd8+ Kf7 44. Rd7+ Ke6 45. Nd4# 1-0


[Site "https://www.chess.com"]

[Event "Titled Tuesday Blitz October 26 2021"]
[White "Nesterov, Arseniy"]
[Black "Gokerkan, Cem Kaan"]
[WhiteFideId "24198455"]
[BlackFideId "6336760"]
[WhiteElo "2494"]
[BlackElo "2382"]
[Result "1-0"]
[Round "11"]
[TimeControl "180+1"]
[Date "2021.10.26"]
[WhiteClock "0:00:06"]
[BlackClock "0:00:03"]

1. d4 Nf6 2. c4 g6 3. Nc3 Bg7 4. e4 O-O 5. Be2 d6 6. Be3 c5 7. d5 e6 8. Nf3 exd5 9. cxd5 Re8 10. Nd2 Na6 11. O-O Nc7 12. a4 b6 13. Bf4 a6 14. Qc2 Rb8 15. Nc4 Bf8 16. e5 Nfxd5 17. Bg3 Bf5 18. Qb3 Nxc3 19. bxc3 dxe5 20. Nxe5 Qf6 21. Ng4 Bxg4 22. Bxg4 Bd6 23. Rad1 Red8 24. Be2 b5 25. axb5 axb5 26. Qa3 b4 27. cxb4 cxb4 28. Qa7 Nb5 29. Bxb5 Rxb5 30. Qa6 Re5 31. Bxe5 Qxe5 32. g3 b3 33. Qb6 Qf6 34. Qxb3 Rb8 35. Qd5 Bc7 36. Rfe1 Bb6 37. Re2 Rd8 38. Qxd8+ Bxd8 39. Re8+ Kg7 40. Rexd8 h5 41. h4 g5 42. R8d6 Qe7 43. R6d4 Kg6 44. Rd7 Qa3 45. hxg5 Kxg5 46. Rxf7 h4 47. gxh4+ Kxh4 48. Rfd7 Kg5 49. R7d5+ Kf6 50. R5d3 Qb4 51. Kf1 Qc4 52. Kg2 Qh4 53. Rf3+ Ke5 54. Re1+ Kd5 55. Ree3 Qg4+ 56. Rg3 Qa4 57. Rg5+ Kd6 58. Reg3 Qa8+ 59. Kh2 Qh8+ 60. Kg1 Qa1+ 61. Kg2 Qa8+ 62. f3 Qa2+ 63. Kh3 Qe6+ 64. R3g4 Qh6+ 65. Kg3 Qh8 66. Rg6+ Ke5 67. Re4+ Kd5 68. Rg5+ Kd6 69. Kg4 Qc8+ 70. Kh4 Qh8+ 71. Kg3 Qb8 72. f4 Qb3+ 73. Kg4 Qd1+ 74. Kf5 Qb1 75. Rg6+ Kd5 76. Re6 Qc2 77. Re5+ Kd6 78. Kf6 Qb2 79. f5 Qa1 80. Kf7 Qa2+ 81. Re6+ Kd7 82. f6 Qd5 83. Kf8 Qh5 84. Re7+ Kd6 85. R4e6+ Kd5 86. Re5+ 1-0


[Site "https://www.chess.com"]

[Event "Titled Tuesday Blitz October 26 2021"]
[White "Obolenskikh, Dmitry"]
[Black "Gontcharov, Vladislav"]
[WhiteFideId "4156013"]
[BlackFideId "4123492"]
[WhiteElo "2541"]
[BlackElo "2503"]
[Result "1-0"]
[Round "11"]
[TimeControl "180+1"]
[Date "2021.10.26"]
[WhiteClock "0:01:19"]
[BlackClock "0:00:16"]

1. Nf3 Nf6 2. c4 g6 3. Nc3 Bg7 4. e4 d6 5. d4 O-O 6. h3 e5 7. dxe5 dxe5 8. Qxd8 Rxd8 9. Bg5 c6 10. Nxe5 Re8 11. O-O-O h6 12. Bf4 Na6 13. Nf3 Nxe4 14. Nxe4 Rxe4 15. Rd8+ Kh7 16. Be3 Bf6 17. Rd2 Re8 18. Bd3 Be6 19. a3 Nb8 20. h4 h5 21. Ng5+ Bxg5 22. hxg5 Kg8 23. Bd4 Nd7 24. f3 Nb6 25. b3 c5 26. Bxc5 Rad8 27. Be4 Rxd2 28. Kxd2 Nd7 29. Bd4 Rd8 30. Kc3 b6 31. g4 f5 32. gxf6 hxg4 33. fxg4 Bxg4 34. Bxg6 Be6 35. Rh8+ 1-0


[Site "https://www.chess.com"]

[Event "Titled Tuesday Blitz October 26 2021"]
[White "Piesik, Piotr"]
[Black "Lazavik, Denis"]
[WhiteFideId "1136194"]
[BlackFideId "13515110"]
[WhiteElo "2336"]
[BlackElo "2436"]
[Result "1-0"]
[Round "11"]
[TimeControl "180+1"]
[Date "2021.10.26"]
[WhiteClock "0:01:47"]
[BlackClock "0:01:35"]

1. Nf3 Nf6 2. g3 g6 3. Bg2 Bg7 4. O-O O-O 5. d4 d5 6. c4 c6 7. Nc3 dxc4 8. a4 Na6 9. e3 Nb4 10. Ne5 Bf5 11. e4 Be6 12. Be3 Nd7 13. Nf3 h6 14. Qe2 Qa5 15. Ne1 Nb6 16. f4 Nd3 17. f5 gxf5 18. Qh5 Bd5 19. exd5 1-0


[Site "https://www.chess.com"]

[Event "Titled Tuesday Blitz October 26 2021"]
[White "Rozen, Eytan"]
[Black "Kosteniuk, Alexandra"]
[WhiteFideId "2816750"]
[BlackFideId "4128125"]
[WhiteElo "2115"]
[BlackElo "2521"]
[Result "1-0"]
[Round "11"]
[TimeControl "180+1"]
[Date "2021.10.26"]
[WhiteClock "0:00:09"]
[BlackClock "0:00:11"]

1. c4 Nf6 2. Nc3 e5 3. Nf3 Nc6 4. e3 d5 5. cxd5 Nxd5 6. Qc2 Be7 7. a3 Nxc3 8. bxc3 O-O 9. h4 h6 10. Bc4 Kh8 11. d4 Bf6 12. a4 Be6 13. Bxe6 fxe6 14. Ba3 Rg8 15. Qg6 Qe8 16. Qe4 exd4 17. cxd4 Qh5 18. g4 Qd5 19. Qxd5 exd5 20. Rb1 Rab8 21. g5 Bd8 22. Rb5 Be7 23. Bxe7 Nxe7 24. Ke2 c6 25. Rbb1 Kh7 26. Ne5 b6 27. gxh6 gxh6 28. Nd7 Nf5 29. Nxb8 Rxb8 30. h5 Re8 31. Kd3 Re6 32. Rhg1 Ne7 33. Rg2 Rf6 34. Rbg1 Rf7 35. f4 Kh8 36. a5 b5 37. a6 Kh7 38. Kc3 Nf5 39. Rg6 Nxe3 40. Rxc6 Nf5 41. Rc5 Nd6 42. Rxd5 Ne4+ 43. Kb4 Rxf4 44. Rd7+ Kh8 45. Rd8+ Kh7 46. Rd7+ Kh8 47. Rxa7 Nf6 48. Ra8+ Kh7 49. Ra7+ Kh8 50. Ra8+ Kh7 51. Rd8 Rf2 52. a7 1-0


[Site "https://www.chess.com"]

[Event "Titled Tuesday Blitz October 26 2021"]
[White "Sadhwani, Raunak"]
[Black "Zierk, Steven"]
[WhiteFideId "35093487"]
[BlackFideId "2034255"]
[WhiteElo "2517"]
[BlackElo "2494"]
[Result "1-0"]
[Round "11"]
[TimeControl "180+1"]
[Date "2021.10.26"]
[WhiteClock "0:00:36"]
[BlackClock "0:00:03"]

1. c4 e5 2. Nc3 Nf6 3. Nf3 Nc6 4. d3 d5 5. cxd5 Nxd5 6. e4 Nf6 7. h3 Bc5 8. Be3 Bb6 9. Be2 O-O 10. O-O Qe7 11. Na4 Be6 12. Nxb6 axb6 13. a3 Rfd8 14. Qc2 Nd7 15. Rac1 h6 16. Rfd1 f5 17. exf5 Bxf5 18. Qc3 Nf6 19. d4 Nd5 20. Bc4 e4 21. Ne5 Be6 22. Bxd5 Bxd5 23. Bf4 Nxe5 24. Bxe5 c6 25. Qg3 Kh7 26. Bc7 Re8 27. Rc3 b5 28. Be5 Qf7 29. Qg4 Re6 30. Rg3 Rg6 31. Qe2 Rf8 32. Qe3 Qf5 33. Rc1 Rf7 34. Rc3 Qh5 35. Qe1 Re6 36. Rg4 Rg6 37. Rcg3 Rxg4 38. Rxg4 Qf5 39. Qe3 Qe6 40. Qg3 Qd7 41. h4 b4 42. axb4 b5 43. h5 Qa7 44. Rg6 Kg8 45. Rxh6 Qa1+ 46. Kh2 Qd1 47. Qg5 1-0


[Site "https://www.chess.com"]

[Event "Titled Tuesday Blitz October 26 2021"]
[White "Samadov, Read"]
[Black "Erdogdu, Mert"]
[WhiteFideId "13417444"]
[BlackFideId "6301495"]
[WhiteElo "2084"]
[BlackElo "2485"]
[Result "0-1"]
[Round "11"]
[TimeControl "180+1"]
[Date "2021.10.26"]
[WhiteClock "0:00:02"]
[BlackClock "0:00:10"]

1. d4 d5 2. c4 e6 3. Nf3 c5 4. cxd5 exd5 5. g3 Nf6 6. Bg2 Nc6 7. O-O Be7 8. Nc3 O-O 9. Bg5 cxd4 10. Nxd4 h6 11. Be3 Re8 12. Rc1 Bg4 13. h3 Be6 14. Qa4 Qd7 15. Kh2 Bd6 16. Rfd1 Rac8 17. Nxc6 bxc6 18. Qxa7 Qd8 19. Bb6 Re7 20. Bxd8 Rxa7 21. Bxf6 gxf6 22. e4 Rb8 23. exd5 cxd5 24. Bxd5 Be5 25. Bxe6 fxe6 26. Rc2 Rc8 27. Re1 Kf7 28. f4 Bd4 29. Re4 e5 30. fxe5 Bxe5 31. Kg2 Rxa2 32. Rxe5 Rxc3 33. Ree2 Rb3 34. h4 h5 35. Rf2 Kg7 36. Kh3 Ra6 37. Rc3 Rb5 38. b3 Rab6 39. Rff3 Kg6 40. g4 hxg4+ 41. Kxg4 Rb4+ 42. Kg3 Kh5 43. Rf5+ Kg6 44. Rff3 Kh5 45. Kf2 Rxh4 46. Ke2 Rhb4 47. Kd2 Kg5 48. Rg3+ Rg4 49. Rxg4+ Kxg4 50. Ke3 f5 51. Kf2 f4 52. Rd3 Rc6 53. Rd2 Rc3 54. Rb2 Rh3 55. Kg2 f3+ 56. Kg1 Rg3+ 57. Kf1 Rh3 58. Kg1 Rh5 59. b4 Kg3 60. b5 Rc5 61. Rb1 Rc2 62. b6 Rg2+ 63. Kf1 Rh2 0-1


[Site "https://www.chess.com"]

[Event "Titled Tuesday Blitz October 26 2021"]
[White "Sapunov, Evgeny"]
[Black "Ferreira, Vitor Hugo Vieira"]
[WhiteFideId "4126661"]
[BlackFideId "2119765"]
[WhiteElo "2470"]
[BlackElo "2216"]
[Result "1-0"]
[Round "11"]
[TimeControl "180+1"]
[Date "2021.10.26"]
[WhiteClock "0:01:00"]
[BlackClock "0:00:05"]

1. c4 c6 2. Nf3 d5 3. b3 Nf6 4. Bb2 Bf5 5. g3 e6 6. Bg2 h6 7. O-O Be7 8. d3 O-O 9. Nbd2 Nbd7 10. a3 a5 11. Bc3 Qb6 12. Qc2 Bh7 13. Qb2 Nc5 14. Bd4 Qc7 15. Rfc1 Ncd7 16. b4 axb4 17. axb4 dxc4 18. Nxc4 Rfc8 19. Nfe5 Nxe5 20. Bxe5 Qd8 21. b5 Rxa1 22. Rxa1 cxb5 23. Qxb5 Ra8 24. Rxa8 Qxa8 25. Qxb7 Qxb7 26. Bxb7 Nd7 27. Bb2 Bf6 28. Bxf6 Nxf6 29. f4 Kf8 30. h3 Ke7 31. Kf2 Nd7 32. Bf3 f6 33. e4 Nc5 34. Ke3 Bg8 35. e5 fxe5 36. fxe5 Bh7 37. d4 Nd7 38. Bg4 Bc2 39. h4 Bb3 40. Nd2 Bd5 41. Nb1 Nb6 42. Nc3 Bc4 43. Ne4 Nd5+ 44. Kd2 Nb6 45. Nc5 Bd5 46. Be2 Nd7 47. Nxd7 Kxd7 48. Kc3 g5 49. hxg5 hxg5 50. Kb4 Kc7 51. Bc4 Kc6 52. Kc3 g4 53. Kd3 Kb6 54. Bxd5 exd5 55. Ke3 Kc6 56. Kf4 1-0


[Site "https://www.chess.com"]

[Event "Titled Tuesday Blitz October 26 2021"]
[White "Shimelkov, Vasiliy"]
[Black "Siva Mahadevan"]
[WhiteFideId "13701630"]
[BlackFideId "25043153"]
[WhiteElo "2073"]
[BlackElo "2203"]
[Result "1/2-1/2"]
[Round "11"]
[TimeControl "180+1"]
[Date "2021.10.26"]
[WhiteClock "0:00:25"]
[BlackClock "0:00:07"]

1. d4 Nf6 2. Nf3 g6 3. c4 Bg7 4. Nc3 O-O 5. e4 d6 6. Be2 e5 7. dxe5 dxe5 8. Qxd8 Rxd8 9. Bg5 c6 10. Nxe5 Na6 11. O-O Re8 12. f4 Nc5 13. Bf3 h6 14. Bxf6 Bxf6 15. Rad1 Bxe5 16. fxe5 Be6 17. b3 Nd7 18. Rd6 Nxe5 19. Rfd1 Kf8 20. Kf2 Ke7 21. Ne2 Rad8 22. Rxd8 Rxd8 23. Rxd8 Kxd8 24. Ke3 Ke7 25. g3 Kd6 26. Nf4 Bc8 27. Nd3 Nxd3 28. Kxd3 Ke5 29. Ke3 Be6 30. Be2 c5 31. Bf3 Bd7 32. Be2 Bc6 33. Bd3 a6 34. a3 b5 35. cxb5 axb5 36. Bc2 g5 37. h3 h5 38. a4 h4 39. g4 bxa4 40. bxa4 Kd6 41. Bb3 f6 42. Bc2 Kc7 43. a5 Bb5 44. e5 fxe5 45. Ke4 Bf1 46. Kf5 c4 47. Kxg5 Bd3 48. Ba4 c3 49. Kxh4 c2 50. Bxc2 Bxc2 51. g5 Bf5 52. Kh5 e4 53. Kh4 Kc6 54. Kg3 Kb5 55. Kf4 Bg6 56. h4 Kxa5 57. h5 Bxh5 58. Kxe4 Kb5 59. Kf5 Kc5 60. g6 Bxg6+ 1/2-1/2


[Site "https://www.chess.com"]

[Event "Titled Tuesday Blitz October 26 2021"]
[White "Shipov, Sergei"]
[Black "King, Alexander"]
[WhiteFideId "4113624"]
[BlackFideId "2063620"]
[WhiteElo "2785"]
[BlackElo "2306"]
[Result "1-0"]
[Round "11"]
[TimeControl "180+1"]
[Date "2021.10.26"]
[WhiteClock "0:01:00"]
[BlackClock "0:00:01"]

1. d4 d5 2. c4 e6 3. Nc3 c5 4. cxd5 exd5 5. Nf3 Nc6 6. g3 Nf6 7. Bg2 Be7 8. O-O O-O 9. dxc5 Bxc5 10. a3 Ne4 11. Nxd5 Be6 12. Nc3 Nxc3 13. bxc3 Qxd1 14. Rxd1 Rfd8 15. Bf4 Rxd1+ 16. Rxd1 Bxa3 17. Ng5 Rd8 18. Rxd8+ Nxd8 19. Nxe6 fxe6 20. Kf1 Kf7 21. Ke1 Bc5 22. Bc7 Nc6 23. f4 Ke7 24. Bxc6 bxc6 25. Be5 g6 26. Kd2 Kd7 27. Kd3 a5 28. Kc4 Bg1 29. h3 Bh2 30. g4 g5 31. e3 Bg1 32. Bd4 gxf4 33. exf4 Bh2 34. Be5 Bg1 35. Kb3 Bb6 36. Ka4 Bd8 37. c4 Ke8 38. Bc3 Bc7 39. f5 exf5 40. gxf5 Ke7 41. Bxa5 Be5 42. Be1 Kf6 43. Ka5 Bd4 44. Ka6 Kxf5 45. Kb7 c5 46. Kc6 Ke4 47. Ba5 Kd3 48. Kd5 h5 49. Bb6 1-0


[Site "https://www.chess.com"]

[Event "Titled Tuesday Blitz October 26 2021"]
[White "Shyaamnikhil P"]
[Black "Obregon, Andres Carlos"]
[WhiteFideId "5024218"]
[BlackFideId "111724"]
[WhiteElo "2300"]
[BlackElo "2572"]
[Result "1-0"]
[Round "11"]
[TimeControl "180+1"]
[Date "2021.10.26"]
[WhiteClock "0:02:25"]
[BlackClock "0:00:52"]

1. g3 e5 2. Bg2 Nf6 3. c4 Bc5 4. Nc3 d6 5. Nf3 h5 6. h4 Ng4 7. e3 a6 8. d4 Ba7 9. dxe5 dxe5 10. Qxd8+ Kxd8 11. Ng5 Rf8 12. b3 f6 13. Ba3 Rg8 14. Rd1+ Ke8 15. Nd5 Bb6 16. Nxb6 cxb6 17. Ne4 Nc6 18. Nd6+ Kd7 19. Nb5+ 1-0


[Site "https://www.chess.com"]

[Event "Titled Tuesday Blitz October 26 2021"]
[White "Sviridov, Valery"]
[Black "Jones, Gawain C B"]
[WhiteFideId "4120680"]
[BlackFideId "409561"]
[WhiteElo "2454"]
[BlackElo "2657"]
[Result "1-0"]
[Round "11"]
[TimeControl "180+1"]
[Date "2021.10.26"]
[WhiteClock "0:00:39"]
[BlackClock "0:00:01"]

1. Nf3 Nf6 2. g3 g6 3. Bg2 Bg7 4. O-O O-O 5. c4 d6 6. Nc3 c5 7. d4 Nc6 8. b3 Bg4 9. e3 Nd7 10. Ne2 e5 11. dxe5 Bxf3 12. Bxf3 Ndxe5 13. Bxc6 bxc6 14. Rb1 d5 15. cxd5 cxd5 16. Bb2 d4 17. exd4 Nf3+ 18. Kg2 Nxd4 19. Bxd4 cxd4 20. Qd3 Qa5 21. Rb2 Rac8 22. Rd1 Rfd8 23. Rbd2 h5 24. Qf3 Qb6 25. h4 Rd6 26. Nf4 Bh6 27. Nd5 Rxd5 28. Qxd5 Rd8 29. Qc4 Qb7+ 30. Kg1 Bxd2 31. Rxd2 Qe4 32. Rd1 Qg4 33. Rd3 Kg7 34. b4 Qe4 35. a4 Qe1+ 36. Kg2 Qe4+ 37. Rf3 Rd7 38. b5 f5 39. Qd3 Rc7 40. Qxe4 fxe4 41. Rf4 Re7 42. Kf1 d3 43. Ke1 e3 44. fxe3 Rxe3+ 45. Kd2 Rxg3 46. Rd4 Kh6 47. Rd7 Rg4 48. Rxa7 Rxh4 49. b6 Rb4 50. a5 h4 51. Rd7 h3 52. Rxd3 Rb2+ 53. Kc3 Rb5 54. Rxh3+ Kg7 55. Kc4 Rxa5 56. b7 Ra4+ 57. Kc5 Ra5+ 58. Kc6 Ra6+ 59. Kc7 Ra7 60. Kb6 Rxb7+ 61. Kxb7 Kf6 62. Kc6 Kf5 63. Kd5 Kf4 64. Rh8 g5 65. Rf8+ Ke3 66. Rg8 Kf4 67. Kd4 g4 68. Rf8+ Kg3 69. Ke3 Kg2 70. Rg8 Kg3 71. Ke4 Kf2 1-0


[Site "https://www.chess.com"]

[Event "Titled Tuesday Blitz October 26 2021"]
[White "Tanenbaum, Zachary"]
[Black "Jobava, Baadur"]
[WhiteFideId "2060850"]
[BlackFideId "13601520"]
[WhiteElo "2165"]
[BlackElo "2731"]
[Result "0-1"]
[Round "11"]
[TimeControl "180+1"]
[Date "2021.10.26"]
[WhiteClock "0:00:05"]
[BlackClock "0:00:08"]

1. e4 d5 2. exd5 Nf6 3. Bb5+ c6 4. dxc6 Nxc6 5. Nf3 Bg4 6. d4 e5 7. h3 Qa5+ 8. Nc3 exd4 9. hxg4 dxc3 10. Qe2+ Be7 11. O-O Nd5 12. Ne5 Rc8 13. Rd1 a6 14. Nc4 Qd8 15. Ne3 axb5 16. Nxd5 O-O 17. Nf6+ Bxf6 18. Rxd8 Rfxd8 19. bxc3 Bxc3 20. Rb1 Nd4 21. Qf1 b4 22. Be3 Nxc2 23. Rd1 Nxe3 24. Rxd8+ Rxd8 25. fxe3 g6 26. Qc4 Ra8 27. g5 Kg7 28. Qd5 Re8 29. Kf2 Re5 30. Qxb7 Ra5 31. Kf3 Rxa2 32. Qd5 Ra7 33. e4 Re7 34. g3 Re5 35. Qd8 Re6 36. Qd5 Re5 37. Qd8 Rb5 38. Qd3 Rxg5 39. Qc4 h6 40. Kg2 h5 41. Kf3 Rg4 42. Kf2 Be5 43. Qxb4 Bxg3+ 44. Kf3 Be5 45. Qc5 Rg3+ 46. Kf2 f6 47. Qd5 Kh6 48. Qd7 Kg5 49. Qe8 h4 50. Qd7 h3 51. Qd2+ Kh5 52. Qd8 h2 53. Qh8+ Kg4 54. Qxh2 Rf3+ 55. Kg2 Bxh2 56. e5 Bxe5 57. Kh1 Kg3 58. Kg1 Bd4+ 59. Kh1 Rf1# 0-1


[Site "https://www.chess.com"]

[Event "Titled Tuesday Blitz October 26 2021"]
[White "Timofeev, Artyom"]
[Black "Nenezic, Marko"]
[WhiteFideId "4140419"]
[BlackFideId "912123"]
[WhiteElo "2591"]
[BlackElo "2484"]
[Result "1-0"]
[Round "11"]
[TimeControl "180+1"]
[Date "2021.10.26"]
[WhiteClock "0:00:47"]
[BlackClock "0:00:14"]

1. c4 Nf6 2. Nc3 g6 3. g3 Bg7 4. Bg2 O-O 5. d3 d6 6. Nf3 e5 7. O-O Nc6 8. Rb1 a5 9. b3 h6 10. Bb2 Re8 11. Nd2 Bg4 12. h3 Be6 13. Kh2 Qd7 14. Nde4 Nh7 15. Nd5 f5 16. Nec3 Rac8 17. e3 Qf7 18. Qd2 h5 19. f4 exf4 20. Nxf4 Kh8 21. d4 Nd8 22. d5 Bd7 23. Nce2 g5 24. Nd3 c5 25. e4 Qg6 26. Bxg7+ Kxg7 27. Qxa5 fxe4 28. Nf2 e3 29. Qc3+ Kg8 30. Nd3 Nf7 31. Rbe1 b5 32. Ng1 b4 33. Qc2 Bf5 34. Rxf5 Qxf5 35. Nxb4 Qf6 36. Nc6 h4 37. Ne2 Qf2 38. Rf1 hxg3+ 39. Kh1 Kg7 40. Rxf2 gxf2 41. Qc3+ Nf6 42. Bf1 Kg6 43. Ng3 Ne5 44. Qc2+ Kf7 45. Qf5 Ng6 46. Nh5 1-0


[Site "https://www.chess.com"]

[Event "Titled Tuesday Blitz October 26 2021"]
[White "Tregubov, Pavel V."]
[Black "Cardoso Cardoso, Jose Gabriel"]
[WhiteFideId "4115341"]
[BlackFideId "4430492"]
[WhiteElo "2423"]
[BlackElo "2343"]
[Result "1-0"]
[Round "11"]
[TimeControl "180+1"]
[Date "2021.10.26"]
[WhiteClock "0:01:52"]
[BlackClock "0:01:51"]

1. e4 g6 2. d4 Bg7 3. Nf3 d6 4. Nc3 a6 5. Be2 e6 6. O-O Ne7 7. Be3 b5 8. a4 b4 9. Na2 Bb7 10. Bd3 a5 11. c3 bxc3 12. Nxc3 O-O 13. Qd2 Nbc6 14. Bh6 Nb4 15. Bxg7 Kxg7 16. Rfe1 h6 17. Bb5 g5 18. h3 Ng6 19. d5 Qf6 20. Rac1 e5 21. Nh2 Bc8 22. Ne2 h5 23. Rxc7 g4 24. hxg4 hxg4 25. Ng3 Qh4 26. Rxc8 1-0


[Site "https://www.chess.com"]

[Event "Titled Tuesday Blitz October 26 2021"]
[White "Tristan, Leonardo"]
[Black "Kovalchuk, Alexey"]
[WhiteFideId "113816"]
[BlackFideId "24154385"]
[WhiteElo "2404"]
[BlackElo "2287"]
[Result "1-0"]
[Round "11"]
[TimeControl "180+1"]
[Date "2021.10.26"]
[WhiteClock "0:00:28"]
[BlackClock "0:00:01"]

1. d4 d5 2. Nf3 Nf6 3. Bf4 e6 4. e3 Bd6 5. Bg3 O-O 6. c4 c5 7. Nc3 Nc6 8. dxc5 Bxc5 9. a3 a6 10. Qc2 dxc4 11. Bxc4 b5 12. Bd3 Qb6 13. Rc1 Bb7 14. Ne4 Bxe3 15. fxe3 Nxe4 16. Bxe4 Qxe3+ 17. Kf1 Nb4 18. Bxh7+ Kh8 19. axb4 Rac8 20. Re1 Qh6 21. Qb1 Qxh7 22. Qxh7+ Kxh7 23. Be5 Rc2 24. Bc3 Bd5 25. h4 f6 26. Nd2 e5 27. Ke2 Be6 28. Kd1 Bf5 29. g4 Bd3 30. Rh3 e4 31. Rxd3 exd3 32. Re7 1-0


[Site "https://www.chess.com"]